 Dungeon Crawl Stone Soup version 0.28-b1-70-g80dc712255 (webtiles) character file.

Game seed: 3120128375037741063

15 tizbic2 the Insei (level 2, -1/18 HPs)
             Began as an Octopode Transmuter on Feb 4, 2022.
             Slain by a hobgoblin (5 damage)
             ... led by Robin
             ... on level 1 of the Dungeon.
             The game lasted 00:05:03 (1279 turns).

tizbic2 the Insei (Octopode Transmuter)             Turns: 1279, Time: 00:05:03

Health: -1/18      AC:  1    Str:  9    XL:     2   Next: 50%
Magic:  5/5        EV: 13    Int: 15    God:
Gold:   41         SH:  0    Dex: 12    Spells: 4/5 levels left

rFire   . . .      SeeInvis .   e - +0 short sword
rCold   . . .      Faith    .   (no shield)
rNeg    . . .      Spirit   .   (helmet restricted)
rPois   .          Reflect  .   (no amulet)
rElec   .          Harm     .   (no ring)
rCorr   .          Rampage  .   (no ring)
Will    .....                   (no ring)
Stlth   ++........              (no ring)
HPRegen 0.06/turn               (no ring)
MPRegen 0.09/turn               (no ring)
                                (no ring)
                                (no ring)

@: no status effects
A: almost no armour, amphibious, 8 rings, camouflage 1, gelatinous body 1,
(nimble swimmer 1), tentacles
a: no special abilities


You were on level 1 of the Dungeon.
You visited 1 branch of the dungeon, and saw 2 of its levels.

You collected 41 gold pieces.

Inventory:

Hand Weapons
 e - a +0 short sword (weapon)
Missiles
 c - 38 sling bullets
 d - 11 bolts
Scrolls
 b - a scroll of teleportation
 f - a scroll of magic mapping


   Skills:
 - Level 1.0 Fighting
 - Level 2.0 Dodging
 * Level 3.8 Unarmed Combat
 - Level 2.0 Spellcasting
 - Level 2.0 Transmutations


You had 4 spell levels left.
You knew the following spells:

 Your Spells              Type           Power      Damage    Failure   Level
a - Beastly Appendage     Tmut           14%        N/A       10%         1

Your spell library contained the following spells:

 Spells                   Type           Power      Damage    Failure   Level
 Wereblood                Tmut           7%         N/A       14%         2
 Spider Form              Tmut/Pois      4%         N/A       41%         3
 Ice Form                 Ice/Tmut       4%         N/A       82%         4


Dungeon Overview and Level Annotations

Branches:
Dungeon (2/15)

Altars:

Annotations:
D:2 Robin


Innate Abilities, Weirdness & Mutations

You cannot wear most types of armour.
You are amphibious.
You can wear up to eight rings at the same time.
Your skin changes colour to match your surroundings (Stealth+).
Your rubbery body absorbs attacks. (AC +1, EV +1)
((You are camouflaged when in or above water. (Stealth+)))
You have tentacles for arms and can constrict up to eight enemies at once.


Message History

Things that are here:
a +0 club; a goblin corpse Your tentacle spike disappears.
The goblin no longer looks unusually strong. x2
You hit the goblin.
You kill the goblin!
You closely miss the goblin. You grab the goblin.
The goblin is moderately wounded.
You constrict the goblin. The goblin hits you with a +0 dagger.
* * * LOW HITPOINT WARNING * * *
You hit the goblin.
You kill the goblin!
Things that are here:
a +0 dagger; a goblin corpse
Things that are here:
a +0 club; a goblin corpse
Things that are here:
a +0 club; a goblin corpse
There is a stone staircase leading down here.
You start resting.
HP restored.
You climb downwards.
Level annotation: Robin The goblin shouts!
The hobgoblin hits you. Robin throws the goblin at you!
A goblin comes into view.
It is wielding a +2 dagger of protection.
There is a stone staircase leading up here.
The hobgoblin misses you. Robin throws the goblin at you!
The goblin hits you with a +0 dagger. The goblin barely misses you. x2
You climb upwards.
There is a stone staircase leading down here.
You barely miss the hobgoblin. You grab the hobgoblin.
You constrict the hobgoblin, but do no damage.
The hobgoblin barely misses you. The goblin hits you with a +0 dagger.
You hit the hobgoblin but do no damage. You squeeze the hobgoblin.
The hobgoblin is moderately wounded.
You constrict the hobgoblin. The hobgoblin hits you.
* * * LOW HITPOINT WARNING * * *
The goblin closely misses you. The hobgoblin hits you.
You die...

#.....#
#.#.###########
#####.#
#.#.#..#....... #.#
#.#.#..#.###### #.#
#.#.#..#.# #.#
#.#.#)##.# #.#
#.#....#.# #.#
#.#...##.#####
#.####............##
#.#@g..........).)..
#.#g###########.#.##
#..g............#.#
###.####### #...#.#
#.###.#####...#.##
#.................
#####.###.........
#......†..........
#.###.###...#.....


You could see a hobgoblin and 2 goblins.

Vanquished Creatures
  An endoplasm (D:1)
  A giant cockroach (D:1)
  4 goblins (D:1)
  A hobgoblin (D:1)
  A ball python (D:1)
  4 bats (D:1)
  2 kobolds
  A rat (D:1)
15 creatures vanquished.

Notes
Turn   | Place    | Note
-------+----------+-------------------------------------------
     0 | D:1      | tizbic2 the Octopode Transmuter began the quest for the
                  | Orb.
     0 | D:1      | Reached XP level 1. HP: 13/13 MP: 3/3
   679 | D:1      | Reached XP level 2. HP: 18/18 MP: 3/5
  1000 | D:2      | Identified the +0 helmet of Compression {+Inv rElec Int+3
                  | Dex+3}
  1000 | D:2      | Noticed Robin
  1279 | D:1      | Slain by a hobgoblin

Illustrated notes

Levels and vault maps discovered:
D:1:      sevenhm_arrival_forest_fort_small_5, layout_basic
D:2:      minmay_wonky_spiral, layout_basic, ebering_ecumenical_altar_hall,
          uniq_robin

Action                   || total
-------------------------++-------
Melee: Short sword       ||    26
       Constrict         ||    11
       Unarmed           ||     5
       Kick              ||    11
       Tentacles         ||     5
       Punch             ||     1
 Cast: Beastly Appendage ||     8
  Use: Scroll            ||     2
 Stab: Sleeping          ||     2
Armor: Skin              ||     3
Dodge: Dodged            ||    22
